 Dungeon Crawl Stone Soup version 0.28.0 (webtiles) character file.

Game seed: 14938836100629050889

2323 AmazingTV the Covered (level 9, -3/78 HPs)
             Began as a Minotaur Fighter on July 28, 2022.
             Was a Follower of Okawaru.
             Slain by a wyvern (12 damage)
             ... on level 8 of the Dungeon.
             The game lasted 00:22:35 (8009 turns).

AmazingTV the Covered (Minotaur Fighter)            Turns: 8009, Time: 00:22:36

Health: -3/78      AC: 10    Str: 22    XL:     9   Next: 19%
Magic:  8/8        EV:  9    Int:  7    God:    Okawaru [*.....]
Gold:   215        SH:  5    Dex: 11    Spells: 8/8 levels left

rFire   . . .      SeeInvis .   J - +3 hand axe of Qutwomef {freeze, Will+, axe}
rCold   . . .      Faith    .   c - +0 buckler
rNeg    . . .      Spirit   .   x - +0 scale mail
rPois   .          Reflect  .   (helmet restricted)
rElec   .          Harm     .   M - +1 cloak
rCorr   .          Rampage  .   (no gloves)
Will    +....                   (no boots)
Stlth   ..........              (no amulet)
HPRegen 0.23/turn               (no ring)
MPRegen 0.11/turn               (no ring)

@: studying Bows
A: horns 2, retaliatory headbutt
a: Renounce Religion, Heroism


You were on level 8 of the Dungeon.
You worshipped Okawaru.
Okawaru was aware of your devotion.
You visited 2 branches of the dungeon, and saw 9 of its levels.

You collected 215 gold pieces.


Innate Abilities, Weirdness & Mutations

You have a pair of horns on your head.
You reflexively headbutt those who attack you in melee.


   Skills:
 + Level 6.5 Fighting
 + Level 5.3(6.6) Axes
 + Level 6.1(7.1) Maces & Flails
 + Level 4.9(5.8) Slings
 + Level 4.4(5.3) Throwing
 + Level 6.6 Armour
 + Level 6.5 Shields


You had 8 spell levels left.
You didn't know any spells.
Your spell library contained the following spells:

 Spells                   Type           Power      Damage    Failure   Level
 Magic Dart               Conj           0%         1d3       80%         1
 Sublimation of Blood     Necr           0%         N/A       91%         2
 Wereblood                Tmut           0%         N/A       91%         2
 Mephitic Cloud           Conj/Pois/Air  0%         N/A       99%         3
 Summon Small Mammal      Summ           Unusable   N/A       N/A         1
 Call Imp                 Summ           Unusable   N/A       N/A         2
 Call Canine Familiar     Summ           Unusable   N/A       N/A         3
 Summon Guardian Golem    Hex/Summ       Unusable   N/A       N/A         3
 Summon Hydra             Summ           Unusable   N/A       N/A         7

Inventory:

Hand Weapons
 a - a +0 flail {mace}
 b - a +0 hunting sling {sling}
   (You found it on level 4 of the Dungeon)
 v - a +0 flail of holy wrath {mace}
   (You took it off Edmund on level 4 of the Dungeon)
 D - a +2 spear of freezing {polearm}
   (You found it on level 6 of the Dungeon)
 G - the +6 long sword "Hogooxakk" {drain, Str+7, long}
   (You found it on level 6 of the Dungeon)

   A truly terrible weapon, it drains the life of any living foe it strikes.
   Str:       It affects your strength (+7).
 J - the +3 hand axe of Qutwomef (weapon) {freeze, Will+, axe}
   (You found it on level 7 of the Dungeon)

   It freezes those it strikes, dealing additional cold damage.
   It can also slow down cold-blooded creatures.
   Will:      It increases your willpower.
Missiles
 h - 176 stones
 o - 43 bolts
 p - 24 poisoned darts (quivered)
 q - 52 sling bullets
 w - 140 arrows
Armour
 c - a +0 buckler (worn)
 x - a +0 scale mail (worn)
 M - a +1 cloak (worn)
   (You found it on level 7 of the Dungeon)
Wands
 t - a wand of digging (2)
   (You found it on level 4 of the Dungeon)
 E - a wand of paralysis (12)
   (You found it on level 6 of the Dungeon)
 I - a wand of flame (24)
   (You took it off Crazy Yiuf on level 6 of the Dungeon)
Scrolls
 e - 3 scrolls of amnesia {unknown}
 f - 5 scrolls of blinking {unknown}
 g - a scroll of enchant weapon {unknown}
 j - 3 scrolls of acquirement {unknown}
 k - a scroll of fear {unknown}
 l - 4 scrolls of vulnerability {unknown}
 m - a scroll of brand weapon {unknown}
 r - 5 scrolls of identify {unknown}
 s - 3 scrolls of immolation {unknown}
 y - 3 scrolls of teleportation {unknown}
 C - a scroll of fog {unknown}
 H - a scroll of torment {unknown}
 K - 2 scrolls of holy word {unknown}
 L - a scroll of enchant armour {unknown}
Potions
 d - 3 potions of might
 i - 3 potions of mutation {unknown}
 n - 2 potions of curing {unknown}
 u - a potion of ambrosia {unknown}
 z - a potion of invisibility {unknown}
 A - 2 potions of flight {unknown}
 B - 2 potions of haste {unknown}
 F - 3 potions of lignification {unknown}
 N - a potion of heal wounds {unknown}

Dungeon Overview and Level Annotations

Branches:
Dungeon (8/15)             Temple (1/1) D:4
   Lair: D:8-11

Altars:
Ashenzari
Cheibriados
Dithmenos
Elyvilon
Fedhas
Gozag
Hepliaklqana
Kikubaaqudgha
Nemelex Xobeh
Okawaru
Qazlal
Ru
Sif Muna
Trog
Uskayaw
Vehumet
Wu Jian
Yredelemnul
Zin
The Shining One

Shops:
D:1 [   D:3 [   D:8 *

Annotations:
D:8 Joseph

###.#.##..##...#
......#..#....#.#
#####..............#
###.###...............
#............#.#......
##............#.#.##...
#...............# # .#
###.............# #
###.@.........#
##..l...........
##..........####..
##............. ...
#.....c@....... .<
#...#.....∩.##.
#.(.......#...
##........#.##.
...o......# #


You could see Joseph, a wyvern and a centaur.


Message History

You see here a +0 cloak.
There is a stone staircase leading down here.
You climb downwards.
There is a stone staircase leading up here.
Found a stone staircase leading up.
k - a scroll labelled NANULYDIER You now have 215 gold pieces (gained 15).
Found Raivviel's Lightly-Used Armoury.
A wyvern comes into view.
The wyvern hisses angrily.
You hit the wyvern but do no damage. The wyvern bites you.
The wyvern bites you but does no damage. 😕 HP[-5]
You take 5 damage, and now have 73/78 hp.
You hit the wyvern. You freeze the wyvern. You headbutt the wyvern.
The wyvern bites you! 😕 HP[-13]
You take 13 damage, and now have 60/78 hp.
You hit the wyvern. You freeze the wyvern. The wyvern bites you.
The wyvern bites you but does no damage. 😕 HP[-1]
You take 1 damage, and now have 59/78 hp.
You hit the wyvern. You freeze the wyvern. You block the wyvern's attack.
You barely miss the wyvern. Your headbutt misses the wyvern.
The wyvern barely misses you. You furiously retaliate!
You headbutt the wyvern, but do no damage.
The wyvern bites you. 😮 HP[-2]
You take 2 damage, and now have 57/78 hp.
You are too injured to fight recklessly!
You hit the wyvern. You freeze the wyvern.
You kill the wyvern!
Okawaru accepts your kill.
A centaur comes into view. 😕 HP[+8]
You regained 8 hp, and now have 65/78 hp.
The centaur shouts!
The centaur wields a +0 shortbow.
The centaur shoots an arrow.
The arrow hits you but does no damage.
The centaur shoots an arrow.
The arrow closely misses you.
The centaur shoots an arrow.
The arrow barely misses you.
A wyvern comes into view.
You hear a shout!
The centaur shoots an arrow.
You block the arrow.
The centaur shoots an arrow.
You block the arrow. 😕 HP[+1]
The centaur shoots an arrow.
You block the arrow.
You hear a shout!
An orc wizard comes into view. It is wielding a +0 dagger of venom.
The orc wizard shouts!
The centaur shoots an arrow.
The arrow barely misses you.
Joseph, a Mercenary comes into view.
He is wielding a +0 quarterstaff.
Joseph shouts!
You hear a shout!
You block the wyvern's attack.
The wyvern bites you but does no damage.
The orc wizard mumbles some strange words.
The orc wizard flickers and vanishes!
Deactivating autopickup; reactivate with Ctrl-A.
You slash the centaur! You freeze the centaur. You hit the wyvern.
You freeze the wyvern.
The centaur unwields a +0 shortbow.
The centaur hits you. The centaur closely misses you.
You block the wyvern's attack.
An orc priest comes into view. It is wielding a +0 flail.
You hit the centaur. You freeze the centaur. You hit the wyvern.
You freeze the wyvern. The centaur barely misses you. The centaur kicks you.
The wyvern bites you! The centaur closely misses you.
The centaur kicks you but does no damage.
The wyvern bites you!
The orc priest casts a cantrip, but nothing happens.
You hear a shout! 😮 HP[-21]
You take 21 damage, and now have 45/78 hp.
MASSIVE DAMAGE!! (PAUSE)
The centaur wields a +0 shortbow.
The centaur shoots an arrow.
The arrow hits you!
* * * LOW HITPOINT WARNING * * *
The wyvern bites you.
* * * LOW HITPOINT WARNING * * *
😨 HP[-13]
You take 13 damage, and now have 32/78 hp.
The centaur shoots an arrow.
The arrow hits you!
* * * LOW HITPOINT WARNING * * *
The centaur shoots an arrow.
The arrow hits you.
* * * LOW HITPOINT WARNING * * *
Something tries to affect you, but you resist. 😱 HP[-17]
You take 17 damage, and now have 15/78 hp.
MASSIVE DAMAGE!! (PAUSE)
The centaur shoots an arrow.
The arrow hits you.
* * * LOW HITPOINT WARNING * * *
The wyvern barely misses you. 😱 HP[-1]
You take 1 damage, and now have 14/78 hp.
Okay, then.
The centaur shoots an arrow.
The arrow hits you.
* * * LOW HITPOINT WARNING * * *
😱 HP[-5]
You take 5 damage, and now have 9/78 hp.
The wyvern bites you!
You die...

Skill      XL: |  1  2  3  4  5  6  7  8  9 |
---------------+----------------------------+-----
Axes           | 1 2 3 5 |  5.3
Armour         | 4 5 6 |  6.6
Slings         | 1 2 3 4 |  4.9
Fighting       | 4 5 6 |  6.5
Maces & Flails | 3 4 5 6 |  6.1
Throwing       | 1 2 3 4 |  4.4
Shields        | 4 5 6 |  6.5

Action                   |  1- 3 |  4- 6 |  7- 9 || total
-------------------------+-------+-------+-------++-------
Melee: Flail             |    97 |   126 |    92 ||   315
       Headbutt          |     9 |    28 |    25 ||    62
       Hand axe          |       |       |    69 ||    69
Throw: Dart              |       |     9 |    17 ||    26
Armor: Scale mail        |    57 |    25 |    56 ||   138
Dodge: Dodged            |    48 |    33 |    67 ||   148
Block: Buckler           |    21 |    16 |    35 ||    72

Levels and vault maps discovered:
D:1:      minmay_arrival_wavy_path, layout_loops_ring,
          dreamdust_ecumenical_altar_grove, serial_shops, shop,
          minmay_door_square, bh_walls_and_bars
D:2:      layout_loops_cross
D:3:      layout_loops_ring, fiery_altar_vehumet, nicolae_gozag_seed_capital,
          serial_forest, infiniplex_forest_clump_medium,
          infiniplex_forest_zigzag_2, infiniplex_forest_end_1,
          infiniplex_forest_lined_1, infiniplex_forest_straight_2,
          infiniplex_forest_lined_2, infiniplex_forest_straight_2,
          infiniplex_forest_zigzag_2, infiniplex_forest_straight_2,
          serial_shops, nicolae_shop_temple_entry_statues_fountains
D:4:      layout_basic, minmay_temple_entry_statues, uniq_edmund
D:5:      layout_cave_pods, eat_drink_and_be_merry_uskayaw, uniq_grinder
D:6:      layout_loops_ring, nicolae_qazlal_general_emergency,
          mainiacjoe_overflow_alcove_3, uniq_crazy_yiuf_cottage,
          uniq_prince_ribbit1
D:7:      layout_loops_ring, grunt_temple_overflow_diamond
D:8:      layout_cave_pools, mainiacjoe_overflow_small_starburst,
          minmay_shop_damaged, uniq_joseph
Temple:   jpeg_temple_island

Notes
Turn   | Place    | Note
-------+----------+-------------------------------------------
     0 | D:1      | AmazingTV the Minotaur Fighter began the quest for the Orb.
     0 | D:1      | Reached XP level 1. HP: 19/19 MP: 0/0
     0 | D:1      | magus.rc [v1.9.6]
   221 | D:1      | Found Sidghema's Antique Armour Shoppe.
   234 | D:1      | You pick up a book of Minor Magic and begin reading...
   234 | D:1      | You add the spells Magic Dart, Call Imp and Mephitic Cloud
                  | to your library.
   391 | D:1      | Reached XP level 2. HP: 27/27 MP: 1/1
   539 | D:1      | Found a faded altar of an unknown god.
  1089 | D:2      | Reached skill level 1 in Axes
  1309 | D:2      | Reached skill level 4 in Armour
  1309 | D:2      | Reached XP level 3. HP: 25/33 MP: 2/2
  1429 | D:2      | Reached skill level 1 in Slings
  1547 | D:2      | You pick up a book of Minor Magic and begin reading...
  1774 | D:3      | Reached skill level 4 in Fighting
  1792 | D:3      | Found an opulent altar of Gozag.
  1841 | D:3      | Reached skill level 3 in Maces & Flails
  1846 | D:3      | HP: 7/33 [wyvern skeleton (6)]
  1848 | D:3      | Reached skill level 1 in Throwing
  1848 | D:3      | Reached skill level 4 in Shields
  1848 | D:3      | Reached XP level 4. HP: 9/40 MP: 3/3
  2233 | D:3      | Reached XP level 5. HP: 44/46 MP: 4/4
  2281 | D:3      | Found Baewnux's Antique Armour Boutique.
  2574 | D:3      | Reached skill level 2 in Axes
  2720 | D:3      | Reached skill level 2 in Slings
  2832 | D:3      | Found a radiant altar of Vehumet.
  3358 | D:4      | Found a staircase to the Ecumenical Temple.
  3391 | Temple   | Entered the Ecumenical Temple
  3725 | D:4      | Noticed Edmund
  3747 | D:4      | Killed Edmund
  3748 | D:4      | Reached skill level 2 in Throwing
  3748 | D:4      | Reached XP level 6. HP: 44/53 MP: 5/5
  3825 | D:4      | You pick up a book of Blood and begin reading...
  3825 | D:4      | You add the spells Sublimation of Blood, Wereblood and
                  | Summon Hydra to your library.
  4378 | D:4      | Reached skill level 4 in Maces & Flails
  4491 | D:5      | Entered Level 5 of the Dungeon
  4495 | D:5      | Reached skill level 3 in Axes
  4504 | D:5      | Reached XP level 7. HP: 47/60 MP: 6/6
  4672 | D:5      | Noticed Grinder
  4689 | D:5      | Killed Grinder
  4690 | D:5      | Reached skill level 5 in Fighting
  4690 | D:5      | Reached skill level 3 in Slings
  4690 | D:5      | Reached skill level 5 in Armour
  4690 | D:5      | Reached skill level 5 in Shields
  4833 | D:5      | You pick up a book of Callings and begin reading...
  4833 | D:5      | You add the spells Summon Small Mammal, Call Canine
                  | Familiar and Summon Guardian Golem to your library.
  4978 | D:5      | Found a hide-covered altar of Uskayaw.
  5113 | D:5      | Reached skill level 3 in Throwing
  5691 | D:6      | Reached XP level 8. HP: 69/69 MP: 7/7
  5691 | D:6      | Noticed Prince Ribbit
  5699 | D:6      | HP: 16/69 [wyvern skeleton (3)]
  5700 | D:6      | Killed Prince Ribbit
  5701 | D:6      | Reached skill level 4 in Axes
  5701 | D:6      | Reached skill level 5 in Maces & Flails
  5968 | D:6      | magus.rc [v1.9.6]
  6044 | D:6      | Found a stormy altar of Qazlal.
  6050 | D:6      | Reached skill level 4 in Slings
  6139 | D:6      | Reached skill level 6 in Armour
  6358 | D:6      | Identified the +6 long sword "Hogooxakk" {drain, Str+7}
  6477 | D:6      | Found a snail-covered altar of Cheibriados.
  6478 | D:6      | Found a glowing golden altar of the Shining One.
  6479 | D:6      | Found an iron altar of Okawaru.
  6479 | D:6      | Found a sacrificial altar of Ru.
  6482 | D:6      | Became a worshipper of Warmaster Okawaru
  6543 | D:6      | Found a runed translucent door.
  6546 | D:6      | Noticed Crazy Yiuf
  6555 | D:6      | Killed Crazy Yiuf
  6790 | D:7      | Reached skill level 6 in Fighting
  6790 | D:7      | Reached skill level 6 in Shields
  6812 | D:7      | Identified the +3 hand axe of Qutwomef {freeze, Will+}
  6916 | D:7      | Reached skill level 4 in Throwing
  7187 | D:7      | Reached skill level 5 in Axes
  7187 | D:7      | Reached XP level 9. HP: 43/77 MP: 8/8
  7257 | D:7      | Reached * piety under Okawaru
  7258 | D:7      | Reached skill level 6 in Maces & Flails
  7875 | D:7      | Found an ancient bone altar of Kikubaaqudgha.
  7879 | D:7      | Found a basalt altar of Yredelemnul.
  7883 | D:7      | Found a sparkling altar of Nemelex Xobeh.
  7950 | D:8      | Found Raivviel's Lightly-Used Armoury.
  8001 | D:8      | Noticed Joseph
  8006 | D:8      | HP: 15/78 [centaur/arrow (6)]
  8009 | D:8      | Slain by a wyvern

Vanquished Creatures
  Prince Ribbit (D:6)
  Grinder (D:5)
  A wyvern (D:8)
  A steam dragon (D:7)
  Edmund (D:4)
  An orc warrior (D:7)
  3 centaurs
  A phantom (D:6)
  A bullfrog (D:7)
  A wyvern zombie (D:7)
  4 scorpions
  2 wyvern skeletons
  A bullfrog zombie (D:5)
  2 hounds
  3 orc priests
  2 centaur zombies (D:6)
  A jelly (D:7)
  Crazy Yiuf (D:6)
  2 iguanas (D:5)
  3 orc wizards (D:7)
  A scorpion zombie (D:5)
  A hound skeleton (D:5)
  A howler monkey zombie (D:7)
  A howler monkey skeleton (D:5)
  8 gnolls
  5 adders
  A white imp (D:7)
  A worm (D:4)
  2 dart slugs
  9 orcs
  3 bats
  4 endoplasms
  6 goblins
  6 hobgoblins
  7 kobolds
  4 quokkas
  4 ball pythons
  4 frilled lizards
  A rat (D:1)
102 creatures vanquished.

Vanquished Creatures (others)
  4 fungi
  7 plants
11 creatures vanquished.

Grand Total: 113 creatures vanquished

Table legend:
 A = Non-vault XP
 B = Vault XP
 C = Vault XP percentage of total XP
 D = Non-vault monster count
 E = Vault monster count
 F = Vault count percentage of total count
                 A         B        C        D         E       F
            +---------+---------+-------+---------+---------+-------
      Total |    2564 |     755 |  22.7 |      98 |       4 |   3.9
            +---------+---------+-------+---------+---------+-------
        D:1 |      30 |       0 |   0.0 |      17 |       0 |   0.0
        D:2 |      36 |       0 |   0.0 |       8 |       0 |   0.0
        D:3 |     257 |       0 |   0.0 |      24 |       0 |   0.0
        D:4 |     157 |     164 |  51.1 |       9 |       1 |  10.0
        D:5 |     500 |     267 |  34.8 |      16 |       1 |   5.9
        D:6 |     393 |     324 |  45.2 |       6 |       2 |  25.0
        D:7 |     995 |       0 |   0.0 |      17 |       0 |   0.0
        D:8 |     196 |       0 |   0.0 |       1 |       0 |   0.0
            +---------+---------+-------+---------+---------+-------

Illustrated notes

Table legend:
 A = Kills in this place as a percentage of kills in entire the game.
 B = Kills by you in this place as a percentage of kills by you in the entire game.
 C = Kills by friends in this place as a percentage of kills by friends in the entire game.
 D = Other kills in this place as a percentage of other kills in the entire game.
 E = Experience gained in this place as a percentage of experience gained in the entire game.
 F = Experience gained in this place divided by the number of levels of this place that you have seen.
                   A       B       C       D       E      F
               +-------+-------+-------+-------+-------+----------------------
         Total | 100.0 | 100.0 |   N/A |   N/A | 100.0 | 368.8
       Dungeon | 100.0 | 100.0 |   N/A |   N/A | 100.0 | 414.9
               +-------+-------+-------+-------+-------+----------------------

Table legend: (Time is in decaauts)
 A = Elapsed time spent in this place.
 B = Non-inter-level travel time spent in this place.
 C = Inter-level travel time spent in this place.
 D = Time resting spent in this place.
 E = Time spent auto-exploring this place.
 F = Levels seen in this place.
 G = Mean time per level.
                   A        B        C        D        E       F      G
               +--------+--------+--------+--------+--------+-----+--------+
         Total |   8121 |   7785 |    336 |    816 |   5924 |   9 |  902.3 |
       Dungeon |   7817 |   7513 |    304 |    816 |   5658 |   8 |  977.1 |
        Temple |    304 |    272 |     32 |      0 |    266 |   1 |  304.0 |
               +--------+--------+--------+--------+--------+-----+--------+

Top non-repeatable levels by time:
     D:3: 1450 daAuts
     D:5: 1189 daAuts
     D:7: 1145 daAuts
     D:6: 1113 daAuts
     D:1: 1038 daAuts
     D:4: 923 daAuts
     D:2: 872 daAuts
  Temple: 304 daAuts
     D:8: 83 daAuts
